[ AOE2 MATCH · #506589182 ]
UnrankedVikings vs Mongols
Player's team · LOSS
Rival team · WIN
[ REPLAY ANALYSIS · EXTRACTED FROM THE RECORDED GAME ]
Feudal
10:50
Castle
—
Imperial
—
| APM avg | 51.4 |
| APM peak | 104 |
| eAPM avg | 19.5 |
| Villagers / military | 48 / 16 |
Focus
⚔️ 30.4% · 🌾 69.6%
Skirmisher ×9 · Militia ×6 · Spearman ×1
Feudal
8:30
Castle
—
Imperial
—
| APM avg | 50.3 |
| APM peak | 98 |
| eAPM avg | 14.0 |
| Villagers / military | 44 / 21 |
Focus
⚔️ 26.1% · 🌾 73.9%
Archer ×9 · Scout Cavalry ×7 · Militia ×5
Match map
Initial resources + every placement click. Lines = walls · curves = elevation contours. ◆ gold · ⬟ stone · ● berries · ✦ relic · ◌ wall gap
Your base· Open — 12t gap
ROCK's base· Open — unwalled flank
Smoothed initial terrain · ◌ = detected wall gap · hover for details
Inputs per minute
— Duc Duong - - ROCK
Build order — Duc Duong
137 actions detected in the replay
| 0:00 | Queue | Villager (Male) |
| 0:02 | Build | House |
| 0:04 | Build | House |
| 0:17 | Queue | Villager (Male) |
| 0:20 | Queue | Villager (Male) |
| 0:20 | Queue | Villager (Male) |
| 0:20 | Queue | Villager (Male) |
| 1:38 | Queue | Villager (Male) |
| 1:51 | Build | Lumber Camp |
| 2:08 | Queue | Villager (Male) |
| 2:08 | Queue | Villager (Male) |
| 2:21 | Queue | Villager (Male) |
| 2:22 | Queue | Villager (Male) |
| 2:54 | Queue | Villager (Male) |
| 3:08 | Queue | Villager (Male) |
| 3:39 | Queue | Villager (Male) |
| 3:54 | Build | House |
| 4:05 | Queue | Villager (Male) |
| 4:39 | Queue | Villager (Male) |
| 4:40 | Queue | Villager (Male) |
| 4:41 | Queue | Villager (Male) |
| 4:41 | Queue | Villager (Male) |
| 4:49 | Build | Barracks |
| 5:15 | Queue | Villager (Male) |
| 5:16 | Queue | Villager (Male) |
| 5:26 | Queue | Villager (Male) |
| 5:39 | Build | House |
| 5:54 | Queue | Villager (Male) |
| 5:54 | Queue | Villager (Male) |
| 6:14 | Build | Mill |
| 6:34 | Queue | Militia |
| 6:34 | Queue | Militia |
| 6:47 | Queue | Villager (Male) |
| 6:48 | Queue | Villager (Male) |
| 7:14 | Queue | Militia |
| 7:14 | Queue | Militia |
| 7:48 | Queue | Militia |
| 7:56 | Queue | Villager (Male) |
| 8:02 | Build | House |
| 8:22 | Build | Mining Camp |
| 8:40 | Research | Feudal Age |
| 8:41 | Research | Feudal Age |
| 9:51 | Build | Farm |
| 9:52 | Build | Farm |
| 10:12 | Build | Mill |
| 10:37 | Build | Palisade Wall |
| 10:38 | Build | Palisade Wall |
| 10:40 | Build | Palisade Wall |
| 10:42 | Build | Palisade Wall |
| 10:44 | Build | Palisade Wall |
| 10:46 | Build | Palisade Wall |
| 10:50 | Age | Feudal Age |
| 10:52 | Build | Farm |
| 10:54 | Research | Man-at-Arms (upgrade) |
| 10:54 | Research | Man-at-Arms (upgrade) |
| 11:03 | Build | House |
| 11:10 | Build | Palisade Wall |
| 11:12 | Build | Palisade Wall |
| 11:25 | Build | Palisade Wall |
| 11:27 | Build | Palisade Wall |
| 11:29 | Build | Palisade Wall |
| 11:30 | Build | Palisade Wall |
| 11:33 | Build | Palisade Wall |
| 11:42 | Research | Arson |
| 11:42 | Research | Arson |
| 11:43 | Queue | Villager (Male) |
| 11:43 | Queue | Villager (Male) |
| 11:49 | Build | Palisade Wall |
| 11:55 | Build | Farm |
| 12:14 | Build | Farm |
| 12:15 | Build | Farm |
| 12:18 | Build | Farm |
| 12:20 | Queue | Villager (Male) |
| 12:20 | Queue | Villager (Male) |
| 12:39 | Queue | Militia |
| 12:47 | Build | Archery Range |
| 12:51 | Research | Loom |
| 12:51 | Research | Loom |
| 13:12 | Build | Palisade Wall |
| 13:13 | Build | Palisade Wall |
| 13:15 | Build | Palisade Wall |
| 13:16 | Build | Palisade Wall |
| 13:26 | Queue | Villager (Male) |
| 13:27 | Queue | Villager (Male) |
| 13:54 | Queue | Skirmisher |
| 13:54 | Queue | Skirmisher |
| 14:04 | Build | Farm |
| 14:15 | Build | Blacksmith |
| 14:21 | Queue | Villager (Male) |
| 14:42 | Queue | Villager (Male) |
| 14:45 | Build | Farm |
| 14:53 | Queue | Villager (Male) |
| 14:54 | Queue | Villager (Male) |
| 14:54 | Queue | Villager (Male) |
| 14:54 | Queue | Villager (Male) |
| 14:58 | Build | Farm |
| 15:04 | Queue | Skirmisher |
| 15:09 | Build | House |
| 15:31 | Queue | Skirmisher |
| 15:32 | Queue | Villager (Male) |
| 15:36 | Research | Double-Bit Axe |
| 15:36 | Research | Double-Bit Axe |
| 15:39 | Queue | Villager (Male) |
| 15:46 | Research | Padded Archer Armor |
| 15:46 | Research | Padded Archer Armor |
| 15:53 | Build | House |
| 16:06 | Queue | Villager (Male) |
| 16:07 | Queue | Villager (Male) |
| 16:07 | Queue | Villager (Male) |
| 16:20 | Queue | Skirmisher |
| 16:21 | Queue | Skirmisher |
| 16:21 | Queue | Skirmisher |
| 16:30 | Build | Farm |
| 16:54 | Build | Palisade Wall |
| 17:02 | Queue | Villager (Male) |
| 17:07 | Build | Farm |
| 17:16 | Build | Farm |
| 17:17 | Queue | Villager (Male) |
| 17:22 | Build | House |
| 17:24 | Build | House |
| 17:28 | Build | House |
| 17:30 | Build | Palisade Wall |
| 17:40 | Queue | Villager (Male) |
| 18:09 | Build | House |
| 18:25 | Build | Watch Tower |
| 18:33 | Build | Palisade Wall |
| 19:50 | Build | Market |
| 19:51 | Queue | Villager (Male) |
| 20:43 | Build | Farm |
| 21:00 | Research | Castle Age |
| 21:25 | Build | Palisade Wall |
| 21:37 | Queue | Skirmisher |
| 21:37 | Queue | Skirmisher |
| 21:43 | Build | Palisade Wall |
| 21:48 | Queue | Spearman |
| 22:26 | Build | Palisade Wall |
| 22:55 | Queue | Villager (Male) |
Build order — ROCK
120 actions detected in the replay
| 0:01 | Queue | Villager (Male) |
| 0:02 | Build | House |
| 0:03 | Build | House |
| 0:10 | Queue | Villager (Male) |
| 0:10 | Queue | Villager (Male) |
| 0:11 | Queue | Villager (Male) |
| 1:29 | Queue | Villager (Male) |
| 2:05 | Queue | Villager (Male) |
| 2:05 | Queue | Villager (Male) |
| 2:10 | Build | Lumber Camp |
| 2:21 | Queue | Villager (Male) |
| 2:21 | Queue | Villager (Male) |
| 2:36 | Build | House |
| 2:51 | Queue | Villager (Male) |
| 2:51 | Queue | Villager (Male) |
| 3:44 | Queue | Villager (Male) |
| 3:44 | Queue | Villager (Male) |
| 3:44 | Queue | Villager (Male) |
| 3:48 | Queue | Villager (Male) |
| 3:48 | Queue | Villager (Male) |
| 3:48 | Queue | Villager (Male) |
| 4:19 | Queue | Villager (Male) |
| 4:39 | Queue | Villager (Male) |
| 4:40 | Queue | Villager (Male) |
| 5:12 | Queue | Villager (Male) |
| 5:13 | Queue | Villager (Male) |
| 5:17 | Build | Barracks |
| 6:17 | Build | House |
| 6:20 | Research | Feudal Age |
| 6:46 | Build | Mining Camp |
| 6:54 | Queue | Militia |
| 6:55 | Queue | Militia |
| 7:10 | Queue | Villager (Male) |
| 7:11 | Queue | Villager (Male) |
| 7:19 | Queue | Militia |
| 7:19 | Queue | Militia |
| 7:40 | Queue | Militia |
| 8:06 | Build | Mill |
| 8:30 | Age | Feudal Age |
| 8:51 | Research | Loom |
| 8:52 | Research | Man-at-Arms (upgrade) |
| 9:43 | Queue | Villager (Male) |
| 9:45 | Build | Archery Range |
| 9:48 | Build | Blacksmith |
| 9:53 | Build | House |
| 10:06 | Queue | Villager (Male) |
| 10:32 | Queue | Villager (Male) |
| 10:41 | Build | Farm |
| 10:41 | Build | Farm |
| 10:43 | Build | Farm |
| 10:44 | Build | House |
| 11:21 | Queue | Villager (Male) |
| 11:23 | Queue | Archer |
| 11:27 | Build | House |
| 11:38 | Queue | Villager (Male) |
| 11:39 | Queue | Archer |
| 11:49 | Queue | Villager (Male) |
| 11:51 | Build | Farm |
| 11:55 | Build | House |
| 12:03 | Queue | Archer |
| 12:31 | Build | Farm |
| 12:33 | Queue | Villager (Male) |
| 13:18 | Queue | Archer |
| 13:20 | Research | Fletching |
| 13:40 | Queue | Villager (Male) |
| 13:44 | Research | Double-Bit Axe |
| 13:44 | Research | Horse Collar |
| 13:48 | Build | Farm |
| 13:49 | Build | Farm |
| 13:49 | Build | Farm |
| 14:36 | Queue | Villager (Male) |
| 14:41 | Build | Stable |
| 14:43 | Build | House |
| 14:48 | Queue | Archer |
| 15:10 | Queue | Villager (Male) |
| 15:13 | Build | Farm |
| 15:17 | Queue | Villager (Male) |
| 15:19 | Research | Horse Collar |
| 15:20 | Research | Horse Collar |
| 15:20 | Queue | Villager (Male) |
| 15:27 | Queue | Archer |
| 15:28 | Queue | Villager (Male) |
| 15:50 | Queue | Villager (Male) |
| 15:56 | Queue | Archer |
| 15:57 | Queue | Villager (Male) |
| 16:00 | Queue | Scout Cavalry |
| 16:20 | Queue | Archer |
| 16:21 | Queue | Villager (Male) |
| 16:24 | Build | House |
| 16:24 | Build | House |
| 16:26 | Queue | Villager (Male) |
| 16:31 | Queue | Archer |
| 16:35 | Queue | Scout Cavalry |
| 16:35 | Queue | Scout Cavalry |
| 16:36 | Queue | Scout Cavalry |
| 16:56 | Research | Padded Archer Armor |
| 17:04 | Build | Farm |
| 17:07 | Build | Farm |
| 17:08 | Build | Farm |
| 17:13 | Build | House |
| 17:27 | Queue | Scout Cavalry |
| 17:30 | Build | Farm |
| 18:19 | Queue | Scout Cavalry |
| 18:20 | Queue | Villager (Male) |
| 18:42 | Queue | Scout Cavalry |
| 19:02 | Queue | Villager (Male) |
| 19:17 | Build | Lumber Camp |
| 19:28 | Build | Farm |
| 19:30 | Build | Farm |
| 20:05 | Queue | Villager (Male) |
| 20:30 | Build | House |
| 20:31 | Build | House |
| 21:04 | Build | Farm |
| 21:05 | Build | Farm |
| 21:13 | Research | Gold Mining |
| 21:13 | Research | Gold Mining |
| 21:23 | Build | Stable |
| 21:49 | Research | Forging |
| 22:31 | Research | Castle Age |
| 22:31 | Research | Castle Age |
Match timeline
| 4:49 | Duc Duong · first_building Barracks |
| 5:17 | ROCK · first_building Barracks |
| 8:30 | ROCK · age_up feudal |
| 9:45 | ROCK · first_building Archery Range |
| 10:37 | Duc Duong · wall_segment Palisade Wall x1 |
| 10:38 | Duc Duong · wall_segment Palisade Wall x1 |
| 10:40 | Duc Duong · wall_segment Palisade Wall x1 |
| 10:42 | Duc Duong · wall_segment Palisade Wall x1 |
| 10:44 | Duc Duong · wall_segment Palisade Wall x1 |
| 10:46 | Duc Duong · wall_segment Palisade Wall x1 |
| 10:50 | Duc Duong · age_up feudal |
| 11:10 | Duc Duong · wall_segment Palisade Wall x3 |
| 11:12 | Duc Duong · wall_segment Palisade Wall x2 |
| 11:25 | Duc Duong · wall_segment Palisade Wall x2 |
| 11:27 | Duc Duong · wall_segment Palisade Wall x1 |
| 11:29 | Duc Duong · wall_segment Palisade Wall x1 |
| 11:30 | Duc Duong · wall_segment Palisade Wall x1 |
| 11:33 | Duc Duong · wall_segment Palisade Wall x1 |
| 11:49 | Duc Duong · wall_segment Palisade Wall x1 |
| 12:47 | Duc Duong · first_building Archery Range |
| 13:12 | Duc Duong · wall_segment Palisade Wall x1 |
| 13:13 | Duc Duong · wall_segment Palisade Wall x1 |
| 13:15 | Duc Duong · wall_segment Palisade Wall x1 |
| 13:16 | Duc Duong · wall_segment Palisade Wall x1 |
| 14:41 | ROCK · first_building Stable |
| 16:54 | Duc Duong · wall_segment Palisade Wall x12 |
| 17:30 | Duc Duong · wall_segment Palisade Wall x5 |
| 18:33 | Duc Duong · wall_segment Palisade Wall x1 |
| 20:57 | Duc Duong · first_market_sell 100 food |
| 21:25 | Duc Duong · wall_segment Palisade Wall x1 |
| 21:43 | Duc Duong · wall_segment Palisade Wall x1 |
| 22:26 | Duc Duong · wall_segment Palisade Wall x1 |
| 23:16 | Duc Duong · resign |
[ AI ANALYSIS · 1 CREDIT ]
What really happened in this match?
Wolo.gg analyzes every decision: build order, eco, micro, common mistakes by bracket. Personalized analysis on WhatsApp or Discord in 30 seconds.
Civ guide
Vikings
Perfil
Jugador #4844045